 Dungeon Crawl Stone Soup version 0.25-a0-713-g4845790874 (webtiles) character file.

Game seed: 17120339681270028325, levelgen mode: deterministic

522 ReteAZ the Changer (level 7, -2/52 HPs)
             Began as a Pale Draconian Transmuter on Apr 5, 2020.
             Slain by a wraith (12 damage)
             ... in an ossuary.
             The game lasted 00:11:14 (4510 turns).

ReteAZ the Changer (Pale Draconian Transmuter)      Turns: 4510, Time: 00:11:14

Health: -2/52      AC:  7    Str: 13    XL:     7   Next: 1%
Magic:  12/12      EV: 12    Int: 14    God:
Gold:   153        SH:  0    Dex: 12    Spells: 8/13 levels left

rFire    . . .     SeeInvis .     - Unarmed
rCold    . . .     Gourm    .   (no shield)
rNeg     . . .     Faith    .   (armour unavailable)
rPois    .         Spirit   .   (helmet restricted)
rElec    .         Reflect  .   (no cloak)
rCorr    .         Harm     .   (no gloves)
MR       .....                  g - +0 pair of boots
Stlth    +.........             (no amulet)
HPRegen  0.17/turn              (no ring)
MPRegen  0.13/turn              (no ring)

@: mighty, slowed, very slow
A: breathe steam, unfitting armour, cold-blooded, AC +6
a: Breathe Steam


You were in an ossuary.
You were very hungry.

You visited 1 branch of the dungeon, and saw 4 of its levels.
You also visited: Sewer and Ossuary.

You collected 153 gold pieces.

Inventory:

Missiles
 a - 47 arrows
 k - 23 poisoned darts (quivered)
Armour
 g - a +0 pair of boots (worn)
 x - a +0 kite shield
Jewellery
 r - an uncursed ring of resist corrosion {unknown}
 s - an uncursed ring of poison resistance {unknown}
 y - a +3 ring of evasion {unknown}
Scrolls
 d - 4 scrolls of teleportation {unknown}
 f - 4 scrolls of identify {unknown}
 i - 2 scrolls of remove curse {unknown}
 l - a scroll of enchant armour {unknown}
 p - 2 scrolls of fog {unknown}
 w - 2 scrolls of fear {unknown}
 z - a scroll of blinking {unknown}
 A - 2 scrolls of random uselessness {unknown}
 B - a scroll of noise {unknown}
Potions
 b - 3 potions of curing
 e - a potion of might
 h - 2 potions of degeneration
 j - 3 potions of heal wounds {unknown}
 m - a potion of brilliance {unknown}
 n - 4 potions of flight {unknown}
 o - 4 potions of lignification {unknown}
 q - a potion of stabbing {unknown}
 t - a potion of ambrosia {unknown}
 u - a potion of berserk rage {unknown}
 v - a potion of mutation {unknown}
Comestibles
 c - 6 rations


   Skills:
 - Level 1.1 Fighting
 - Level 2.0 Dodging
 + Level 4.6 Unarmed Combat
 + Level 3.7 Spellcasting
 * Level 5.3 Transmutations
 + Level 1.4 Ice Magic


You had 8 spell levels left.
You knew the following spells:

 Your Spells              Type           Power        Failure   Level  Hunger
a - Beastly Appendage     Tmut           ###...       2%          1    None
b - Ice Form              Ice/Tmut       ##......     45%         4    ####...

Your spell library contained the following spells:

 Spells                   Type           Power        Failure   Level  Hunger
 Sticks to Snakes         Tmut           ###.....     3%          2    ##.....
 Spider Form              Tmut/Pois      ##........   21%         3    ###....
 Blade Hands              Tmut           ###.......   52%         5    ######.


Dungeon Overview and Level Annotations

Branches:
Dungeon (4/15)              Sewer (visited)         Ossuary (1/1)
 Temple: D:4-7

Altars:


Innate Abilities, Weirdness & Mutations

You can breathe blasts of scalding, opaque steam.
Your pale cyan-grey scales are hard. (AC +6)
You cannot fit into any form of body armour.
You are cold-blooded and may be slowed by cold attacks.


Message History

* * * LOW HITPOINT WARNING * * *
You hit the wraith but do no damage.
The wraith is heavily damaged.
The wraith hits you.
* * * LOW HITPOINT WARNING * * *
You feel better. The wraith hits you!
* * * LOW HITPOINT WARNING * * *
You feel better.
Your horns disappear.
The wraith hits you but does no damage. The wraith barely misses you.
You feel better. The wraith hits you!
* * * LOW HITPOINT WARNING * * *
You feel better.
The wraith hits you but does no damage. x2
You feel very mighty all of a sudden. The wraith hits you!
* * * LOW HITPOINT WARNING * * *
You hit the wraith but do no damage.
The wraith is heavily damaged.
The wraith hits you!
You die...

#####################
#....................
#....................
#..###..###..###..###
#..#!#..#.#..#.#..#.#
#..#W#..#'#..#'#..#'#
#..#@#..#.#..#.#..#.#
#....^^..............
#..^........^........
#..####......###.....
#..#.'...8...#?#...8.
#..####......#'#.....
#............#.#.....
#......^.............
#.^####.####....^####


You could see a wraith.

Vanquished Creatures
  Purgy (Sewer)
  A necrophage (D:3)
  An elf zombie (Ossuary)
  A hound (D:3)
  A worker ant (D:4)
  A big kobold zombie (Ossuary)
  A hound skeleton (D:4)
  3 mummies (Ossuary)
  6 adders
  An ooze (D:1)
  6 worms
  2 dart slugs (D:3)
  2 leopard geckos (D:2)
  3 orcs (D:3)
  3 giant cockroaches
  7 goblins
  5 hobgoblins
  6 jackals
  2 ball pythons (D:2)
  5 bats
  6 frilled lizards
  4 goblin zombies (Ossuary)
  3 hobgoblin zombies (Ossuary)
  8 kobolds
  A kobold zombie (Ossuary)
  5 rats
85 creatures vanquished.

Notes
Turn   | Place    | Note
-------+----------+-------------------------------------------
     0 | D:1      | ReteAZ the Draconian Transmuter began the quest for the
                  | Orb.
     0 | D:1      | Reached XP level 1. HP: 16/16 MP: 3/3
   141 | D:1      | Reached XP level 2. HP: 20/23 MP: 3/5
  1043 | D:2      | Reached XP level 3. HP: 20/28 MP: 4/6
  1659 | D:2      | Reached skill level 3 in Transmutations
  2107 | D:3      | Noticed a necrophage
  2132 | D:3      | Killed a necrophage
  2132 | D:3      | Reached XP level 4. HP: 19/34 MP: 6/8
  2132 | D:3      | Reached XP level 5. HP: 22/39 MP: 6/9
  2416 | D:3      | Reached skill level 4 in Transmutations
  2565 | D:3      | Found a glowing drain.
  2627 | Sewer    | Entered a sewer
  2802 | Sewer    | Noticed Purgy
  2831 | Sewer    | Killed Purgy
  2831 | Sewer    | Reached XP level 6. HP: 12/47 MP: 9/11
  3127 | D:3      | Learned a level 4 spell: Ice Form
  3788 | D:4      | Reached skill level 5 in Transmutations
  4066 | D:4      | Found a sand-covered staircase.
  4071 | Ossuary  | Entered an ossuary
  4071 | Ossuary  | Noticed a wraith
  4071 | Ossuary  | Noticed a wraith
  4071 | Ossuary  | Noticed a wraith
  4160 | Ossuary  | Reached skill level 1 in Ice Magic
  4380 | Ossuary  | Your scales start taking on a pale cyan-grey colour.
  4380 | Ossuary  | Reached XP level 7. HP: 52/52 MP: 12/12
  4488 | Ossuary  | Noticed a wraith
  4510 | Ossuary  | Slain by a wraith

Levels and vault maps discovered:
D:1:      arrival_zaba_pyramid, layout_loops_ring, minmay_pentomino_r2
D:2:      layout_basic
D:3:      layout_loops_corners, gup_sewer_entry_glass
D:4:      layout_basic, nicolae_ossuary_entry_plus
Ossuary:  ossuary_kennysheep_city_of_the_dead

Skill      XL: |  1  2  3  4  5  6 |
---------------+-------------------+-----
Dodging        | 2 |  2.0
Transmutations | 3 4 5 |  5.3
Spellcasting   | 3 |  3.7
Unarmed Combat | 4 |  4.6
Ice Magic      | 1 |  1.4
Fighting       | |  1.1

Action                   |  1- 3 |  4- 6 |  7- 9 || total
-------------------------+-------+-------+-------++-------
Melee: Unarmed           |   154 |   248 |    16 ||   418
       Tailslap          |    19 |    20 |     3 ||    42
       Kick              |     1 |       |       ||     1
       Headbutt          |     9 |    39 |     2 ||    50
       Punch             |       |     5 |       ||     5
Throw: Dart              |     1 |     8 |       ||     9
 Cast: Beastly Appendage |    21 |    25 |     1 ||    47
  Use: Potion            |       |     3 |     5 ||     8
       Scroll            |       |     2 |       ||     2
  Eat: Chunk             |     4 |     7 |       ||    11
Armor: Skin              |    49 |    66 |     4 ||   119
Dodge: Dodged            |    88 |   126 |     8 ||   222

Table legend:
 A = Non-vault XP
 B = Vault XP
 C = Vault XP percentage of total XP
 D = Non-vault monster count
 E = Vault monster count
 F = Vault count percentage of total count
                 A         B        C        D         E       F
            +---------+---------+-------+---------+---------+-------
      Total |     375 |     371 |  49.7 |      61 |      23 |  27.4
            +---------+---------+-------+---------+---------+-------
        D:1 |      23 |       2 |   8.0 |      13 |       1 |   7.1
        D:2 |      50 |       0 |   0.0 |      24 |       0 |   0.0
        D:3 |     237 |      42 |  15.1 |      21 |       4 |  16.0
        D:4 |      65 |       0 |   0.0 |       3 |       0 |   0.0
      Sewer |       0 |     150 | 100.0 |       0 |       6 | 100.0
    Ossuary |       0 |     177 | 100.0 |       0 |      12 | 100.0
            +---------+---------+-------+---------+---------+-------
